 Dungeon Crawl Stone Soup version 0.30-a0-924-g0ad0bf95bc (webtiles) character file.

Game seed: 17909896821544775580

35 Dordric the Grasshopper (level 3, -3/28 HPs)
             Began as a Barachi Warper on Mar 23, 2023.
             Succumbed to an adder's poison
             ... on level 1 of the Dungeon.
             The game lasted 00:01:08 (963 turns).

Dordric the Grasshopper (Barachi Warper)             Turns: 963, Time: 00:01:09

Health: -3/28      AC:  5    Str: 12    XL:     3   Next: 33%
Magic:  7/7        EV: 10    Int: 13    God:
Gold:   55         SH:  0    Dex: 13    Spells: 7/7 levels left

rFire   . . .      SeeInvis .    a - +0 falchion
rCold   . . .      Faith    .    (no shield)
rNeg    . . .      Spirit   .    e - +0 ring mail
rPois   .          Reflect  .    (no helmet)
rElec   .          Rampage  .    (no cloak)
rCorr   .                        (no gloves)
Will    .....                    (no boots)
Stlth   +                        (no amulet)
HPRegen 0.24/turn                l - ring of wizardry
MPRegen 0.10/turn                (no ring)

@: lethally poisoned (-3 -> -15), unable to hop, slow
A: amphibious, slowness 1, strong legs 1, +LOS
a: Hop


You were on level 1 of the Dungeon.
You visited 1 branch of the dungeon, and saw 2 of its levels.

You collected 55 gold pieces.

Inventory:

Hand Weapons
 a - a +0 falchion (weapon)
Missiles
 d - 7 boomerangs of dispersal (quivered)
Armour
 b - a +0 leather armour
 e - a +0 ring mail (worn)
Jewellery
 l - a ring of wizardry (left hand)
 m - a +6 ring of strength
Scrolls
 c - a scroll of blinking
 f - a scroll of amnesia {unknown}
 g - a scroll of enchant weapon {unknown}
 i - a scroll of magic mapping {unknown}
 k - a scroll of poison {unknown}
Potions
 h - a potion of curing {unknown}
 j - 2 potions of mutation {unknown}


   Skills:
 - Level 2.4 Fighting
 + Level 3.2 Long Blades
 - Level 1.0 Throwing
 - Level 1.2 Armour
 - Level 2.1 Dodging
 + Level 2.8 Spellcasting
 + Level 3.8 Translocations


You had 7 spell levels left.
You didn't know any spells.
Your spell library contained the following spells:

 Spells                   Type           Power      Damage    Failure   Level
 Blink                    Tloc           22%        N/A       6%          2
 Lesser Beckoning         Tloc           22%        N/A       6%          2
 Teleport Other           Tloc           11%        N/A       13%         3
 Vhi's Electric Charge    Tloc/Air       12%        N/A       28%         3
 Manifold Assault         Tloc           11%        N/A       38%         4


Dungeon Overview and Level Annotations

Branches:
Dungeon (2/15)

Altars:


Innate Abilities, Weirdness & Mutations

You are amphibious.
You cover ground slowly.
You can hop short distances.
You have an extended range of vision and can be seen from far away.


Message History

The adder is heavily wounded.
The adder barely misses you.
You miss the adder.
The adder is heavily wounded.
The adder bites you but does no damage. x2
You closely miss the adder.
The adder is heavily wounded.
The adder bites you but does no damage.
You hit the adder.
The adder is almost dead.
The adder bites you. The adder barely misses you.
You completely miss the adder.
The adder is almost dead.
The adder misses you.
You closely miss the adder.
The adder is almost dead.
The adder bites you.
You are poisoned.
The adder poisons you! The adder barely misses you.
You hit the adder but do no damage.
The adder is almost dead.
You feel sick. The adder bites you.
* * * LOW HITPOINT WARNING * * *
You are lethally poisoned!
The adder poisons you!
You miss the adder.
The adder is almost dead.
* * * LOW HITPOINT WARNING * * *
You feel very sick. The adder completely misses you.
The adder bites you but does no damage.
You closely miss the adder.
The adder is almost dead.
* * * LOW HITPOINT WARNING * * *
You feel sick. The adder bites you.
* * * LOW HITPOINT WARNING * * *
You are more poisoned.
The adder poisons you!
You miss the adder.
The adder is almost dead.
You die...

###.#
#.###.#.......
#.# #.#
#.......#. #.#
#.# ###.##..#.
#.# ##.#
#.##.... #.#
#..# #.##....
#.# #.##
#.##.... #.# #.#
#.##....
#.####.#
#.###...
#..@SS.#
#.###)#.
#####..#
#....... #..#
#....... #S.#
#....... #..#
#....... #..#
####.......
#..###..........
#......)........
##.............#


You could see an adder and a ball python.

Vanquished Creatures
  A dart slug (D:1)
  A ball python (D:1)
  2 bats (D:1)
  2 endoplasms (D:1)
  4 giant cockroaches (D:1)
  A goblin (D:1)
  2 hobgoblins (D:1)
  2 jackals (D:1)
  4 kobolds (D:1)
  3 quokkas (D:1)
  2 frilled lizards (D:1)
  5 rats
29 creatures vanquished.

Notes
Turn   | Place    | Note
-------+----------+-------------------------------------------
     0 | D:1      | Dordric the Barachi Warper began the quest for the Orb.
     0 | D:1      | Reached XP level 1. HP: 17/17 MP: 3/3
    67 | D:1      | Reached XP level 2. HP: 20/23 MP: 5/5
   465 | D:1      | Reached XP level 3. HP: 28/28 MP: 7/7
   962 | D:1      | HP: 1/28 [adder (1)]
   963 | D:1      | Succumbed to an adder's poison

Illustrated notes

Levels and vault maps discovered:
D:1:      amcnicky_arrival_feature_with_door, layout_loops_ring
D:2:      minmay_chambers_of_ones, layout_rooms, interstate_on_off

Skill      XL: |  1  2 |
---------------+-------+-----
Long Blades    | 3 |  3.2
Fighting       | |  2.4
Throwing       | |  1.0
Armour         | |  1.2
Dodging        | |  2.1
Spellcasting   | |  2.8
Translocations | |  3.8

Action                     || total
---------------------------++-------
  Melee: Falchion          ||   143
         Punch             ||     3
Ability: Hop               ||     2
 Armour: Leather armour    ||     9
         Ring mail         ||    78
  Dodge: Dodged            ||    98

Table legend: (Time is in decaauts)
 A = Elapsed time spent in this place.
 B = Non-inter-level travel time spent in this place.
 C = Inter-level travel time spent in this place.
 D = Time resting spent in this place.
 E = Time spent auto-exploring this place.
 F = Levels seen in this place.
 G = Mean time per level.
                   A        B        C        D        E       F      G
               +--------+--------+--------+--------+--------+-----+--------+
         Total |   1100 |   1057 |     43 |      0 |    760 |   2 |  550.0 |
       Dungeon |   1100 |   1057 |     43 |      0 |    760 |   2 |  550.0 |
               +--------+--------+--------+--------+--------+-----+--------+

Top non-repeatable levels by time:
     D:1: 1058 daAuts
     D:2: 41 daAuts
